 Dungeon Crawl Stone Soup version 0.31-a0-656-gb4d89c20fa (webtiles) character file.

Game seed: 9719596065592670380

89800 DocEon the Tortoise (level 15, -5/97 HPs)
             Began as a Gargoyle Fighter on Aug 31, 2023.
             Was the Champion of Makhleb.
             Slain by a caustic shrike simulacrum (23 damage)
             ... in an ice cave.
             The game lasted 00:32:29 (20132 turns).

DocEon the Tortoise (Gargoyle Fighter)             Turns: 20132, Time: 00:32:30

Health: -5/97      AC: 44    Str: 30    XL:     15   Next: 98%
Magic:  24/24      EV:  5    Int: 12    God:    Makhleb [******]
Gold:   2088       SH: 16    Dex: 11    Spells: 14/14 levels left

rFire   + + .        c - +5 flail "Giantbane" {freeze, rPois Str+3 Int+3}
rCold   + . .        g - +0 tower shield
rNeg    + + .        A - +1 crystal plate armour "Quezofoc" {rF+}
rPois   ∞            n - +0 helmet
rElec   +            w - scarf {rC+ rF+}
rCorr   .            R - +2 pair of gloves
SInv    +            U - +0 pair of boots
Will    ++...        h - amulet of regeneration Stlth
                     D - ring of see invisible
HPRegen 1.16/turn    W - ring of Accord {rN+ Will+ Str+2}
MPRegen 0.19/turn

%: no passive effects
@: flying
A: sickness immunity, AC +11, big wings, negative energy resistance 1,
electricity resistance, torment resistance 1, petrification resistance
a: Renounce Religion, Minor Destruction, Lesser Servant of Makhleb, Major
Destruction, Greater Servant of Makhleb


You were in an ice cave.
You worshipped Makhleb.
Makhleb was exalted by your worship.
You visited 4 branches of the dungeon, and saw 22 of its levels.
You also visited: Sewer, Bailey and Ice Cave.

You collected 2347 gold pieces.
You spent 259 gold pieces at shops.

Inventory:

Hand Weapons
 a - a +0 flail of draining
 c - the +5 flail "Giantbane" (weapon) {freeze, rPois Str+3 Int+3}
   (You found it on level 2 of the Lair of Beasts)

   Str+3:     It affects your strength (+3).
   Int+3:     It affects your intelligence (+3).
   rPois:     It protects you from poison
Missiles
 r - a throwing net
 M - 10 curare-tipped darts
Armour
 g - a +0 tower shield (worn)
 n - a +0 helmet (worn)
 w - a scarf of resistance (worn)
 A - the +1 crystal plate armour "Quezofoc" (worn) {rF+}
   (You acquired it on level 6 of the Dungeon)

   rF+:       It protects you from fire.
 R - a +2 pair of gloves (worn)
 U - a +0 pair of boots (worn)
Jewellery
 b - the ring "Ceenireg" {Wiz Int+6}
   (You found it in a sewer)

   [ring of wizardry]

   Wiz:       It improves your spell success rate.
   Int+6:     It affects your intelligence (+6).
 h - an amulet of regeneration (around neck)
 i - a ring of positive energy
 y - an amulet of the acrobat
 D - a ring of see invisible (left hand)
 O - a ring of flight
 V - an amulet of guardian spirit
 W - the ring of Accord (right hand) {rN+ Will+ Str+2}
   (You found it on level 12 of the Dungeon)

   [ring of willpower]

   Str+2:     It affects your strength (+2).
   rN+:       It protects you from negative energy.
   Will+:     It increases your willpower.
Wands
 o - a wand of polymorph (7)
 p - a wand of mindburst (13)
 x - a wand of roots (12)
 F - a wand of digging (1)
 I - a wand of flame (24)
 S - a wand of charming (6)
Scrolls
 k - 5 scrolls of poison
 l - a scroll of butterflies
 m - 2 scrolls of enchant armour
 t - 2 scrolls of fog
 u - a scroll of fear
 E - 3 scrolls of immolation
 G - 2 scrolls of enchant weapon
 H - 2 scrolls of brand weapon
 L - 4 scrolls of teleportation
 N - 12 scrolls of identify
 P - 2 scrolls of amnesia
 Q - 2 scrolls of vulnerability
Potions
 d - 4 potions of might
 e - 6 potions of brilliance
 f - 2 potions of lignification
 j - 5 potions of curing
 q - 2 potions of cancellation
 s - a potion of haste
 v - a potion of berserk rage
 z - 2 potions of enlightenment
 B - 2 potions of invisibility
 C - 3 potions of ambrosia
 J - 4 potions of attraction
 K - 2 potions of heal wounds


   Skills:
 + Level 12.6 Fighting
 - Level 14.0 Maces & Flails
 * Level 17.3 Armour
 + Level 12.6 Shields
 + Level 12.2 Invocations


You had 14 spell levels left.
You didn't know any spells.
Your spell library contained the following spells:

 Spells                   Type           Power      Damage    Failure   Level
 Magic Dart               Conj           0%         1d3       100%        1
 Sting                    Tmut/Pois      0%         1d3       100%        1
 Summon Small Mammal      Summ           0%         N/A       100%        1
 Call Imp                 Summ           0%         N/A       100%        2
 Ensorcelled Hibernation  Hex/Ice        0%         N/A       100%        2
 Poisonous Vapours        Pois/Air       0%         N/A       100%        2
 Call Canine Familiar     Summ           0%         N/A       100%        3
 Dazzling Flash           Conj/Hex       0%         N/A       100%        3
 Inner Flame              Hex/Fire       0%         N/A       100%        3
 Mephitic Cloud           Conj/Pois/Air  0%         N/A       100%        3
 Ozocubu's Armour         Ice            0%         N/A       100%        3
 Summon Guardian Golem    Hex/Summ       0%         N/A       100%        3
 Anguish                  Hex/Necr       0%         N/A       100%        4
 Cause Fear               Hex            0%         N/A       100%        4
 Flame Wave               Conj/Fire      0%         2d4       100%        4
 Leda's Liquefaction      Hex/Erth       0%         N/A       100%        4
 Olgreb's Toxic Radiance  Pois           0%         N/A       100%        4
 Sticky Flame             Conj/Fire      0%         2d3       100%        4
 Agony                    Necr           0%         N/A       100%        5
 Fireball                 Conj/Fire      0%         3d3       100%        5
 Lee's Rapid Deconstruct  Erth           0%         3d4*      100%        5
 Metabolic Englaciation   Hex/Ice        0%         N/A       100%        5
 Silence                  Hex/Air        0%         N/A       100%        5
 Summon Forest            Summ/Tloc      0%         N/A       100%        5
 Leda's Unmaking          Conj/Erth      0%         9d1       100%        6
 Simulacrum               Ice/Necr       0%         N/A       100%        6
 Monstrous Menagerie      Summ           0%         N/A       100%        7
 Dragon's Call            Summ           0%         N/A       100%        9


Dungeon Overview and Level Annotations

Branches:
Dungeon (14/15)            Temple (1/1) D:7            Lair (5/5) D:9
 Shoals (0/4) Lair:2        Snake (0/4) Lair:3        Slime (0/5) Lair:5
    Orc (2/2) D:10            Elf (0/3) Orc:2        Vaults (0/5) D:13
  Sewer (visited)          Bailey (visited)           IceCv (1/1)

Altars:
Ashenzari
Cheibriados
Dithmenos
Elyvilon
Fedhas
Gozag
Hepliaklqana
Kikubaaqudgha
Makhleb
Nemelex Xobeh
Okawaru
Qazlal
Ru
Sif Muna
Trog
Uskayaw
Vehumet
Wu Jian
Xom
Yredelemnul
Zin
The Shining One

Shops:
D:2 (   Orc:2 =[([*

Annotations:
D:8 3 runed translucent doors, Age's ghost, novice MiFi; Artus's ghost, novice TrSh; Rudyous's ghost, novice DsNe


Innate Abilities, Weirdness & Mutations

You are immune to sickness and miasma.
Your stone body is resilient. (AC +11)
You are immune to poison.
Your large and strong wings let you fly.
You resist negative energy. (rN+)
You are resistant to electric shocks. (rElec)
You are resistant to unholy torment.
You are immune to petrification.


Message History

The freezing wraith is almost destroyed.
You are engulfed in freezing vapours.
You resist.
You hit the freezing wraith but do no damage.
The freezing wraith is almost destroyed.
You are engulfed in freezing vapours.
You resist. You block the freezing wraith's attack.
The freezing wraith hits you but does no damage.
You hit the freezing wraith.
You destroy the freezing wraith!
Makhleb accepts your kill.
You feel better.
You are engulfed in freezing vapours.
You resist.
The caustic shrike simulacrum claws you but does no damage.
You barely miss the caustic shrike simulacrum.
You are engulfed in freezing vapours.
You resist.
The caustic shrike simulacrum claws you but does no damage.
You sock the caustic shrike simulacrum!
The caustic shrike simulacrum is moderately damaged.
You are engulfed in freezing vapours.
You resist.
The caustic shrike simulacrum claws you but does no damage.
You block the caustic shrike simulacrum's attack.
You closely miss the caustic shrike simulacrum.
The caustic shrike simulacrum is moderately damaged.
The caustic shrike simulacrum claws you but does no damage.
You sock the caustic shrike simulacrum!
The caustic shrike simulacrum is heavily damaged.
You block the caustic shrike simulacrum's attack.
You bludgeon the caustic shrike simulacrum!!
The caustic shrike simulacrum is almost destroyed.
The caustic shrike simulacrum claws you.
The caustic shrike simulacrum freezes you!!
You resist.
* * * LOW HITPOINT WARNING * * *
You block the caustic shrike simulacrum's attack.
You barely miss the caustic shrike simulacrum.
The caustic shrike simulacrum is almost destroyed.
The caustic shrike simulacrum claws you.
* * * LOW HITPOINT WARNING * * *
The caustic shrike simulacrum freezes you!!
You resist.
You die...

...# .....# .....#
.....# .....#
##○... ##Z.#
#@#§### #○§...###
#°§○§☼§.#
#####.○°☼§##
##..###§#§§##
##....#####..##
#.......##....#
#.∩.∩.......#......
#..........###.....


You could see a caustic shrike simulacrum.

Vanquished Creatures
  Rupert (D:12)
  2 orc warlords
  Nessos (D:12)
  The ghost of Goober42 the Protected, a journeyman MiFi of Trog (Lair:3)
  Snorg (D:12)
  A vault guard (D:13)
  An ogre mage (D:12)
  4 catoblepae (Lair:5)
  3 hydras
  2 centaur warriors
  6 two-headed ogres
  2 boulder beetles
  10 death yaks
  5 orc high priests (Orc:2)
  A death knight (D:13)
  A deep elf knight (D:12)
  3 skysharks
  A skeletal warrior (D:12)
  A fire crab (D:12)
  A deep elf archer (D:13)
  2 ugly things (D:13)
  2 deep elf pyromancers
  3 orc sorcerers
  4 orc knights
  6 manticores
  A cyclops (D:12)
  2 merfolk sirens (Lair:2)
  3 elephants (Lair:2)
  A black mamba (Lair:5)
  2 ice statues (D:14)
  A torpor snail (Lair:3)
  Maurice (D:9)
  12 cane toads
  Maggie (D:8)
  3 unseen horrors
  An efreet (D:12)
  6 komodo dragons
  Psyche (D:8)
  A kobold demonologist (D:13)
  2 freezing wraiths
  4 rime drakes
  An anaconda simulacrum (IceCv)
  A tengu conjurer (D:13)
  8 trolls
  5 polar bears
  2 merfolk (Lair:2)
  A hornet (D:10)
  5 dream sheep (Lair:5)
  A wolf spider simulacrum (D:12)
  19 blink frogs
  5 slime creatures
  3 shadows
  A dire elephant simulacrum (IceCv)
  3 vampires
  4 centaur simulacra (D:12)
  A water elemental (D:12)
  7 wyverns
  A culicivora (Lair:1)
  3 wraiths
  56 yaks
  3 steam dragons
  Grum (D:9)
  2 basilisks
  2 wargs
  7 vampire mosquitoes
  4 nagas (Lair:3)
  17 water moccasins
  4 acid dragons
  2 sky beasts
  7 ice beasts
  41 orc warriors
  4 black bears
  10 ogres
  31 wolves
  3 phantoms
  11 centaurs
  14 kobold brigands
  12 bullfrogs
  2 gnoll sergeants
  3 scorpions
  13 wights
  20 killer bees
  2 lindwurm simulacra (IceCv)
  An electric eel (D:12)
  11 howler monkeys
  7 hounds
  3 jellies
  15 orc priests
  A gnoll bouda (D:10)
  A sleepcap (D:7)
  6 iguanas
  22 orc wizards
  9 adders
  19 gnolls
  A river rat (D:3)
  3 shadow imps
  4 white imps (D:12)
  2 ufetubi (D:12)
  2 worms
  2 dart slugs
  106 orcs
  7 endoplasms
  15 giant cockroaches
  12 goblins
  6 hobgoblins
  10 jackals
  55 kobolds
  6 quokkas
  4 ball pythons
  7 bats
  4 frilled lizards
  3 rats
793 creatures vanquished.

Vanquished Creatures (collateral kills)
  A black mamba (Lair:2)
  2 yaks (D:12)
  An ufetubus (D:12)
4 creatures vanquished.

Vanquished Creatures (others)
  Erica (D:8)
  A bog body (IceCv)
2 creatures vanquished.

Grand Total: 799 creatures vanquished

Notes
Turn   | Place    | Note
-------+----------+-------------------------------------------
     0 | D:1      | DocEon the Gargoyle Fighter began the quest for the Orb.
     0 | D:1      | Reached XP level 1. HP: 14/14 MP: 1/1
    73 | D:1      | Reached XP level 2. HP: 17/19 MP: 2/2
   372 | D:1      | Reached XP level 3. HP: 23/23 MP: 3/3
   567 | D:2      | Found Hecokh's Antique Weapon Boutique.
  1209 | D:3      | Reached XP level 4. HP: 28/28 MP: 4/4
  1527 | D:3      | Found a glowing drain.
  1536 | Sewer    | Entered a sewer
  1607 | Sewer    | Noticed a water moccasin
  1623 | Sewer    | Killed a water moccasin
  1624 | Sewer    | Reached skill level 5 in Maces & Flails
  1624 | Sewer    | Reached XP level 5. HP: 20/32 MP: 5/5
  1808 | Sewer    | Identified the ring "Ceenireg" {Wiz Int+6}
  1961 | D:3      | Reached XP level 6. HP: 36/37 MP: 6/6
  2355 | D:4      | Noticed a black bear
  2371 | D:4      | Killed a black bear
  2464 | D:4      | Reached XP level 7. HP: 35/41 MP: 7/7
  3306 | D:4      | Reached XP level 8. HP: 30/46 MP: 8/8
  3493 | D:5      | Entered Level 5 of the Dungeon
  4380 | D:6      | Reached skill level 10 in Maces & Flails
  4549 | D:6      | Reached XP level 9. HP: 30/51 MP: 9/9
  4573 | D:6      | Identified a scroll of acquirement
  4573 | D:6      | Acquired the +1 crystal plate armour "Quezofoc" {rF+}
  4964 | D:6      | Found a hide-covered altar of Uskayaw.
  5497 | D:7      | Got Sif Muna's Compendium of the Gang
  5614 | D:7      | Found a white marble altar of Elyvilon.
  5693 | D:7      | Found a staircase to the Ecumenical Temple.
  5782 | D:7      | Reached XP level 10. HP: 52/56 MP: 10/10
  5828 | Temple   | Entered the Ecumenical Temple
  5835 | Temple   | Became a worshipper of Makhleb the Destroyer
  6302 | D:8      | Noticed Psyche
  6307 | D:8      | Killed Psyche
  6308 | D:8      | Reached skill level 1 in Invocations
  6329 | D:8      | Found an opulent altar of Gozag.
  6391 | D:8      | HP: 2/56 [wight/+3 scimitar of freezing (2)]
  6401 | D:8      | Reached skill level 4 in Armour
  6646 | D:8      | Found a runed translucent gate.
  6646 | D:8      | Found a runed translucent gate.
  6646 | D:8      | Found a runed translucent gate.
  6647 | D:8      | Noticed Age's ghost (novice MiFi)
  6648 | D:8      | Noticed Artus's ghost (novice TrSh)
  6648 | D:8      | Noticed Rudyous's ghost (novice DsNe)
  6679 | D:8      | Noticed Maggie
  6691 | D:8      | Killed Maggie
  6795 | D:8      | Noticed Erica
  6844 | D:8      | Reached skill level 5 in Armour
  6850 | D:8      | Killed Erica
  7200 | D:8      | Noticed a two-headed ogre
  7222 | D:8      | Killed a two-headed ogre
  7223 | D:8      | Reached skill level 6 in Armour
  7238 | D:7      | Reached skill level 5 in Shields
  7242 | D:7      | Reached skill level 5 in Fighting
  7579 | D:8      | Reached * piety under Makhleb
  7883 | D:9      | Noticed Grum
  7899 | D:8      | Reached XP level 11. HP: 43/64 MP: 13/13
  7945 | D:9      | Noticed Maurice
  7961 | D:9      | Killed Maurice
  7962 | D:9      | Reached skill level 7 in Armour
  8053 | D:9      | Killed Grum
  8098 | D:9      | Found a staircase to the Lair.
  8422 | D:9      | Found a blossoming altar of Fedhas.
  8422 | D:9      | Found a broken altar of Ashenzari.
  8430 | D:9      | Found a basalt altar of Yredelemnul.
  8434 | D:9      | Found a sacrificial altar of Ru.
  8606 | D:9      | Reached skill level 8 in Armour
  8899 | D:10     | Entered Level 10 of the Dungeon
  8922 | D:10     | Reached ** piety under Makhleb
  8971 | D:10     | Reached skill level 5 in Invocations
  8974 | D:10     | Noticed a centaur warrior
  8994 | D:10     | Killed a centaur warrior
  9119 | D:10     | Found a staircase to the Orcish Mines.
  9221 | D:10     | Reached skill level 9 in Armour
  9244 | D:10     | Reached *** piety under Makhleb
  9285 | D:10     | Found a flagged portal.
  9306 | Bailey   | Entered a bailey
  9399 | Bailey   | Noticed an orc knight
  9421 | Bailey   | Killed an orc knight
  9456 | Bailey   | Found a bloodstained altar of Trog.
  9688 | D:10     | Reached XP level 12. HP: 72/72 MP: 16/16
  9815 | D:10     | Reached **** piety under Makhleb
 10194 | Lair:1   | Entered Level 1 of the Lair of Beasts
 10194 | Lair:1   | Noticed Sonja
 10203 | Lair:1   | Sonja changed into Sonja the culicivora
 10203 | Lair:1   | Noticed Sonja
 10217 | Lair:1   | Killed Sonja the culicivora
 10342 | Lair:1   | Noticed a skyshark
 10359 | Lair:1   | Killed a skyshark
 10360 | Lair:1   | Reached skill level 10 in Armour
 10660 | Lair:1   | Reached skill level 11 in Armour
 10899 | Lair:1   | Identified the +1 robe of Elyvilon {rPois rC+ rCorr Dex-4}
 11391 | Lair:2   | Identified the +5 flail "Giantbane" {freeze, rPois Str+3
                  | Int+3}
 11511 | Lair:2   | Found a staircase to the Shoals.
 11604 | Lair:2   | Reached XP level 13. HP: 79/79 MP: 17/19
 11673 | Lair:2   | You fall into a shaft and drop 1 floor!
 11697 | Lair:3   | Reached skill level 12 in Armour
 11758 | Lair:3   | Found a transporter.
 11822 | Lair:3   | Found a staircase to the Snake Pit.
 11872 | Lair:3   | Reached ***** piety under Makhleb
 12046 | Lair:3   | Found a glowing golden altar of the Shining One.
 12322 | Lair:3   | Noticed Goober42's ghost (journeyman MiFi)
 12331 | Lair:3   | Found a transporter.
 12884 | Lair:3   | Killed Goober42's ghost
 12910 | Lair:3   | Reached skill level 13 in Armour
 13275 | Lair:4   | Reached skill level 10 in Fighting
 13422 | Lair:4   | Reached skill level 10 in Shields
 13975 | Lair:5   | Entered Level 5 of the Lair of Beasts
 14064 | Lair:5   | Found a staircase to the Slime Pits.
 14223 | Lair:5   | Gained mutation: Your large and strong wings let you fly.
                  | [Gargoyle growth]
 14223 | Lair:5   | Reached XP level 14. HP: 62/88 MP: 21/21
 14286 | Lair:5   | Reached skill level 14 in Armour
 14570 | Lair:5   | Reached skill level 10 in Invocations
 15159 | Lair:5   | Reached ****** piety under Makhleb
 15179 | Lair:5   | Reached skill level 15 in Armour
 15385 | Orc:1    | Entered Level 1 of the Orcish Mines
 15455 | Orc:1    | Noticed an orc warlord
 15543 | D:10     | Killed an orc warlord
 15964 | Orc:2    | Entered Level 2 of the Orcish Mines
 16176 | Orc:2    | Found Reckeifal's Armour Emporium.
 16196 | Orc:2    | Noticed an orc warlord
 16442 | Orc:2    | Killed an orc warlord
 16468 | Orc:2    | Bought a +0 pair of boots for 72 gold pieces
 16523 | Orc:2    | Found Qyanoef's General Store.
 16804 | Orc:2    | Found Udedgh's Antique Weapon Boutique.
 16805 | Orc:2    | Found a staircase to the Elven Halls.
 16840 | Orc:2    | Reached XP level 15. HP: 81/95 MP: 23/23
 17301 | Orc:2    | Found Iroy's Antique Armour Shoppe.
 17319 | Orc:2    | Bought a glowing cloak for 187 gold pieces
 17330 | Orc:2    | Found Camoiwamn's Jewellery Emporium.
 17756 | D:11     | Found a bloodstained altar of Trog.
 17876 | D:11     | You are sucked into a shaft and drop 1 floor!
 17915 | D:12     | Reached skill level 16 in Armour
 18104 | D:12     | Noticed Nessos
 18160 | D:12     | Killed Nessos
 18246 | D:12     | Noticed Rupert
 18264 | D:12     | Killed Rupert
 18398 | D:12     | Noticed Snorg
 18409 | D:12     | Killed Snorg
 18966 | D:12     | Identified the +2 plate armour "Hukof" {Slay+3}
 18968 | D:12     | Identified the ring of Accord {rN+ Will+ Str+2}
 19366 | D:13     | Reached skill level 17 in Armour
 19592 | D:13     | Found a gate to the Vaults.
 20002 | D:14     | Found a frozen archway.
 20068 | IceCv    | Entered an ice cave
 20132 | IceCv    | Slain by a caustic shrike simulacrum

Illustrated notes

Levels and vault maps discovered:
D:1:      mrwooster_arrival_statue_2, layout_rooms
D:2:      layout_basic, serial_shops, shop
D:3:      minmay_roachtagon, layout_basic, portal_sewer_entry_b
D:4:      layout_loops_ring, nicolae_eternal_life
D:5:      layout_basic
D:6:      layout_loops_ring, nicolae_uskayaw_dance_studio, serial_glass,
          glass_columns_a, glass_columns_a
D:7:      layout_loops_ring, elyvilon_altar_3, temple_doors_e,
          minmay_fractal_squares_diagonal_5
D:8:      layout_layer_cave, grunt_gozag_breadcrumbs, gammafunk_ghost_cemetery,
          minmay_fractal_squares_5, uniq_erica, uniq_maggie, uniq_psyche
D:9:      layout_basic, nicolae_overflow_macrodata_refinement, erik_lair_island,
          uniq_maurice, uniq_grum
D:10:     cheibrodos_barr_body, layout_small_grid, hiddenorc2_lemuel,
          lightli_bailey_entry_fortress, kennysheep_generic_room_13
D:11:     layout_roguey, trog_hazing_becter
D:12:     layout_cave_pools, serial_ice, serial_ice_n, serial_ice_e,
          serial_ice_c, serial_ice_d, serial_ice_o, serial_ice_b, serial_ice_i,
          minmay_the_grid_square_5x5_3x3_mashed
          [minmay_the_grid_square_5x5_eight_small,
          minmay_the_grid_square_5x5_slash, minmay_the_grid_square_5x5_seven,
          minmay_the_grid_square_5x5_one_wall,
          minmay_the_grid_square_5x5_megaprize_open,
          minmay_the_grid_square_5x5_forky,
          minmay_the_grid_square_5x5_checkered_statues,
          minmay_the_grid_square_5x5_meh, minmay_the_grid_square_5x5_two_small],
          uniq_rupert, uniq_snorg, uniq_nessos
D:13:     layout_small_grid, david_vaults_5
D:14:     layout_cave_pods, serial_shops, shop, minmay_misc_feat_alley,
          portal_ice_cave_entry_ice_statue_two, minmay_misc_feat_diagonals,
          nrook_uturn
Temple:   minmay_freezing_vapour_temple
Lair:1:   layout_regular_city, uniq_sonja
Lair:2:   layout_big_grid, elwin_shoals_entry_stream, guppyfry_lair_drakes
Lair:3:   layout_cave_pods, minmay_snake_entry_guardpost_medium, basic_altar,
          nzn_ghost_randoct, grunt_forest_small_clearings, lemuel_fruit_fields
Lair:4:   layout_gridlike
Lair:5:   evilmike_catoblepas_cave, layout_cave_pods, slime_entry_1
Orc:1:    layout_caves, minmay_orc_barracks
Orc:2:    grunt_orc_gardens, layout_caves, grunt_orc_garden, grunt_orc_garden,
          grunt_orc_garden, grunt_orc_garden, serial_shops, shop, basic_altar
IceCv:    ice_cave_small_necro

Skill      XL: |  1  2  3  4  5  6  7  8  9 10 11 12 13 14 15 |
---------------+----------------------------------------------+-----
Maces & Flails | 3 4 5 6 7 9 11 13 14 | 14.0
Invocations    | 3 6 8 9 11 12 | 12.2
Armour         | 6 9 11 13 15 17 | 17.3
Fighting       | 5 7 8 10 11 12 | 12.6
Shields        | 5 7 8 10 11 12 | 12.6

Action                     |  1- 3 |  4- 6 |  7- 9 | 10-12 | 13-15 || total
---------------------------+-------+-------+-------+-------+-------++-------
  Melee: Flail             |    96 |   168 |   198 |    18 |  1900 ||  2380
         Mace              |       |       |   190 |  1092 |       ||  1282
  Throw: Dart              |       |       |       |       |    15 ||    15
 Invoke: Lesser Servant of |       |       |       |     3 |     2 ||     5
  Evoke: Wand              |       |       |     3 |    21 |     2 ||    26
    Use: Scroll            |     8 |     5 |     7 |    11 |     5 ||    36
         Potion            |       |     1 |     2 |     3 |     2 ||     8
   Stab: Invisible         |       |       |       |     2 |       ||     2
         Petrified         |       |       |       |       |     9 ||     9
         Distracted        |       |       |       |       |     1 ||     1
 Armour: Scale mail        |    48 |    27 |       |       |       ||    75
         Plate armour      |       |   122 |   113 |       |       ||   235
         Skin              |       |     4 |       |     4 |       ||     8
         Crystal plate arm |       |       |   134 |  1177 |  1320 ||  2631
  Dodge: Dodged            |    48 |    50 |    55 |   129 |   290 ||   572
  Block: Buckler           |    17 |    52 |    95 |    56 |       ||   220
         Tower shield      |       |       |       |  1019 |  1730 ||  2749

Table legend: (Time is in decaauts)
 A = Elapsed time spent in this place.
 B = Non-inter-level travel time spent in this place.
 C = Inter-level travel time spent in this place.
 D = Time resting spent in this place.
 E = Time spent auto-exploring this place.
 F = Levels seen in this place.
 G = Mean time per level.
                   A        B        C        D        E       F      G
               +--------+--------+--------+--------+--------+-----+--------+
         Total |  19844 |  18877 |    967 |   1500 |  11579 |  25 |  793.8 |
       Dungeon |  12163 |  11585 |    578 |    842 |   7377 |  14 |  868.8 |
        Temple |     15 |     11 |      4 |      0 |      0 |   1 |   15.0 |
          Lair |   5024 |   4781 |    243 |    113 |   3212 |   5 | 1004.8 |
  Orcish Mines |   2007 |   1866 |    141 |    338 |    819 |   2 | 1003.5 |
         Sewer |    359 |    359 |      0 |    198 |     85 |   1 |  359.0 |
        Bailey |    216 |    216 |      0 |      3 |     72 |   1 |  216.0 |
      Ice Cave |     58 |     58 |      0 |      6 |     13 |   1 |   58.0 |
               +--------+--------+--------+--------+--------+-----+--------+

Top non-repeatable levels by time:
     D:8: 1514 daAuts
  Lair:3: 1412 daAuts
    D:12: 1250 daAuts
  Lair:5: 1246 daAuts
    D:10: 1169 daAuts
     D:4: 1158 daAuts
  Lair:1: 1111 daAuts
   Orc:2: 1080 daAuts
     D:7: 1044 daAuts
     D:9: 1001 daAuts
     D:6: 949 daAuts
   Orc:1: 927 daAuts
  Lair:4: 882 daAuts
     D:5: 844 daAuts
     D:3: 819 daAuts
